 Dungeon Crawl Stone Soup version 0.25.1-9-gc5326a611f (webtiles) character file.

Game seed: 9494451146325480780

5772 Etesian the Magician (level 10, 0/79 HPs)
             Began as a Gnoll Warper on Aug 25, 2021.
             Was a Priest of Uskayaw.
             Killed by vampiric draining
             ... invoked by a vampire
              (13 damage)
             ... on level 9 of the Dungeon.
             The game lasted 00:26:18 (10468 turns).

Etesian the Magician (Gnoll Warper)                Turns: 10468, Time: 00:26:18

Health: 0/79       AC: 11    Str: 16    XL:     10   Next: 78%
Magic:  16/21      EV: 14    Int: 16    God:    Uskayaw [***...]
Gold:   415        SH:  5    Dex: 15    Spells: 8/24 levels left

rFire    + . .     SeeInvis +   a - +0 trident
rCold    . . .     Gourm    .   x - +0 buckler
rNeg     . . .     Faith    .   R - +1 scale mail of Classification {rF+ SInv}
rPois    .         Spirit   .   (no helmet)
rElec    .         Reflect  .   m - +0 cloak (curse)
rCorr    .         Harm     .   (no gloves)
MR       .....                  M - +0 pair of boots
Stlth    ++........             P - amulet of the acrobat
HPRegen  0.23/turn              (no ring)
MPRegen  0.17/turn              S - ring of wizardry

@: no status effects
A: distributed training, fangs 1, strong nose
a: Stomp, Line Pass, Renounce Religion


You were on level 9 of the Dungeon.
You worshipped Uskayaw.
Uskayaw was noncommittal.
You were hungry.

You visited 2 branches of the dungeon, and saw 10 of its levels.
You also visited: Sewer.

You collected 556 gold pieces.
You spent 141 gold pieces at shops.

Inventory:

Hand Weapons
 a - a +0 trident (weapon)
Missiles
 e - 37 poisoned darts (quivered)
 g - 337 stones
 h - 73 sling bullets
 i - 5 javelins
 j - a throwing net
 l - 75 bolts
 B - 5 boomerangs of dispersal
 D - 115 arrows
 U - 8 atropa-tipped darts
Armour
 m - a cursed +0 cloak (worn)
 x - a +0 buckler (worn)
 M - a +0 pair of boots (worn)
 R - the +1 scale mail of Classification (worn) {rF+ SInv}
   (You found it in a sewer)

   It protects you from fire.
   It lets you see invisible.
Jewellery
 s - an uncursed ring of ice
 P - an amulet of the acrobat (around neck)
 S - a ring of wizardry (right hand)
Wands
 w - a wand of clouds (4)
 K - a wand of iceblast (5)
Scrolls
 c - 5 scrolls of remove curse {unknown}
 d - 6 scrolls of blinking
 n - 5 scrolls of teleportation
 p - 3 scrolls of magic mapping {unknown}
 t - 2 scrolls of fog {unknown}
 u - 3 scrolls of fear {unknown}
 v - 3 scrolls of amnesia {unknown}
 y - a scroll of enchant armour {unknown}
 E - 3 scrolls of noise {unknown}
 G - 2 scrolls of immolation {unknown}
 L - a scroll of random uselessness {unknown}
 N - 2 scrolls of enchant weapon {unknown}
 Q - a scroll of torment {unknown}
Potions
 b - a potion of ambrosia
 k - a potion of might
 o - 4 potions of lignification
 q - a potion of haste {unknown}
 r - 3 potions of curing
 z - 2 potions of brilliance
 A - a potion of invisibility {unknown}
 C - 2 potions of magic
 H - a potion of cancellation {unknown}
 I - a potion of heal wounds {unknown}
 J - a potion of stabbing {unknown}
 O - a potion of resistance {unknown}
 T - a potion of degeneration {unknown}
Comestibles
 f - 13 rations


   Skills:
 + Level 7.6 Fighting
 + Level 6.0 Short Blades
 + Level 6.0 Long Blades
 + Level 6.0 Axes
 + Level 6.0 Maces & Flails
 + Level 7.6 Polearms
 + Level 6.0 Staves
 + Level 6.0 Slings
 + Level 6.0 Bows
 + Level 6.0 Crossbows
 + Level 6.6 Throwing
 + Level 6.6 Armour
 + Level 7.6 Dodging
 + Level 6.0 Stealth
 + Level 6.0 Shields
 + Level 6.0 Unarmed Combat
 + Level 7.9 Spellcasting
 + Level 5.0 Conjurations
 + Level 5.0 Hexes
 + Level 5.0 Charms
 + Level 5.0 Summonings
 + Level 5.0 Necromancy
 + Level 7.5 Translocations
 + Level 5.0 Transmutations
 + Level 5.0 Fire Magic
 + Level 5.0 Ice Magic
 + Level 5.0 Air Magic
 + Level 5.0 Earth Magic
 + Level 5.0 Poison Magic
 + Level 6.6 Invocations
 + Level 6.0 Evocations


You had 8 spell levels left.
You knew the following spells:

 Your Spells              Type           Power        Failure   Level  Hunger
r - Blink                 Tloc           N/A          1%          2    None
D - Shroud of Golubria    Chrm/Tloc      ####..       1%          2    None
F - Frozen Ramparts       Ice            ###...       6%          3    ##.....
G - Gell's Gravitas       Tloc           ####......   1%          3    ##.....
L - Lesser Beckoning      Tloc           ####......   1%          3    ##.....
T - Teleport Other        Tloc           ####....     1%          3    ##.....

Your spell library contained the following spells:

 Spells                   Type           Power        Failure   Level  Hunger
 Corona                   Hex            ###....      1%          1    None
 Freeze                   Ice            ###.         1%          1    None
 Ensorcelled Hibernation  Hex/Ice        ###...       2%          2    None
 Confusing Touch          Hex            ###.....     6%          3    ##.....
 Dazzling Flash           Conj/Hex       ###...       6%          3    ##.....
 Ozocubu's Armour         Chrm/Ice       ###.....     6%          3    ##.....
 Tukima's Dance           Hex            ###.....     6%          3    ##.....
 Passage of Golubria      Tloc           N/A          7%          4    ####...
 Hailstorm                Conj/Ice       ###.....     19%         4    ####...
 Summon Ice Beast         Ice/Summ       ###.....     19%         4    ####...


Dungeon Overview and Level Annotations

Branches:
Dungeon (9/15)             Temple (1/1) D:7           Sewer (visited)
   Lair: D:8-11         Orc: D:9-12

Altars:
Ashenzari
Dithmenos
Elyvilon
Fedhas
Gozag
Hepliaklqana
Kikubaaqudgha
Nemelex Xobeh
Okawaru
Ru
Sif Muna
Uskayaw
Vehumet
Wu Jian
Xom
Zin
The Shining One

Shops:
D:4 *   D:7 *

Portals:
Abyss: D:3

Annotations:
D:3 2 transporters, Thomus's ghost, amateur DECj
D:7 Harold
D:8 3 runed translucent doors, Thomus's ghost, novice DECj; sirjames's ghost, novice CeHu; sirjames's ghost, novice MiBe


Innate Abilities, Weirdness & Mutations

Your experience applies equally to all skills.
You have very sharp teeth.
Your uncanny sense of smell can sniff out nearby items.


Message History

You hit the vampire but do no damage.
The vampire is almost destroyed.
The vampire resists.
The wall freezes the vampire.
The vampire is infused with unholy energy.
* * * LOW HITPOINT WARNING * * *
The vampire draws life force from you and is healed!
Evoke which item? (* to show all) (? for menu, Esc to quit)
Aiming: Cloud Cone
Press: ? - help, Dir - move target cursor, f/p - vampire
Aim: a vampire (severely damaged, slightly transparent)
You create a blast of poison gas!
The frozen ramparts melt away.
The vampire closely misses you. The vampire completely misses you.
Evoke which item? (* to show all) (? for menu, Esc to quit)
Aiming: Cloud Cone
Press: ? - help, Dir - move target cursor, f/p - vampire
Aim: a vampire (severely damaged, slightly transparent)
You create a blast of freezing vapour!
The vampire is engulfed in freezing vapours.
The vampire is infused with unholy energy.
You die...

...... #.##.#
#.##.# # #.##.#
## #. #.##.# ..
##.# #.##.##.#
###...###§§..((.#
#......§§§§V@#
.#[..#§####.# ##
#.# #.# #.# #.#
#.# #.# #.# #.#
..# #.# ### #.#


You could see a vampire (invisible).

Vanquished Creatures
  Joseph (D:8)
  Eustachio (D:4)
  Grum (D:8)
  2 ice beasts
  A necrophage (D:7)
  A phantom (D:7)
  2 ogres
  4 wolves (D:8)
  2 centaurs
  A big kobold (D:7)
  6 bullfrogs
  A water moccasin zombie (D:6)
  A scorpion (D:4)
  8 wights
  2 howler monkeys (D:7)
  A crimson imp (D:6)
  A quasit (D:6)
  A jelly (D:6)
  A bullfrog skeleton (D:5)
  An orc priest (D:2)
  Crazy Yiuf (D:7)
  A hound (D:7)
  3 orc wizards
  2 iguanas
  6 worker ants
  A hound zombie (D:8)
  4 gnolls (D:7)
  7 adders
  An adder zombie (D:7)
  2 worms
  2 adder skeletons
  6 leopard geckos
  15 orcs
  4 ball pythons
  7 bats
  12 giant cockroaches
  14 hobgoblins
  9 jackals
  4 quokkas
  7 frilled lizards
  13 goblins
  A jackal skeleton (D:4)
  A jackal zombie (D:6)
  12 kobolds
  A quokka skeleton (D:6)
  6 rats
  A fungus (D:2)
182 creatures vanquished.

Vanquished Creatures (others)
  A fungus (D:2)
  3 toadstools (D:2)
4 creatures vanquished.

Grand Total: 186 creatures vanquished

Notes
Turn   | Place    | Note
-------+----------+-------------------------------------------
     0 | D:1      | Etesian the Gnoll Warper began the quest for the Orb.
     0 | D:1      | Reached XP level 1. HP: 20/20 MP: 6/6
   151 | D:1      | Reached XP level 2. HP: 26/26 MP: 7/7
   167 | D:1      | Learned a level 2 spell: Blink
   170 | D:1      | Learned a level 2 spell: Shroud of Golubria
   834 | D:1      | Reached XP level 3. HP: 21/31 MP: 7/9
   843 | D:1      | Reached skill level 5 in Spellcasting
  1060 | D:1      | Reached skill level 1 in Invocations
  1320 | D:1      | Learned a level 3 spell: Lesser Beckoning
  1507 | D:1      | Reached skill level 1 in Short Blades
  1507 | D:1      | Reached skill level 1 in Long Blades
  1507 | D:1      | Reached skill level 1 in Axes
  1507 | D:1      | Reached skill level 1 in Maces & Flails
  1507 | D:1      | Reached skill level 1 in Staves
  1507 | D:1      | Reached skill level 1 in Slings
  1507 | D:1      | Reached skill level 1 in Bows
  1507 | D:1      | Reached skill level 1 in Crossbows
  1507 | D:1      | Reached skill level 1 in Stealth
  1507 | D:1      | Reached skill level 1 in Shields
  1507 | D:1      | Reached skill level 1 in Unarmed Combat
  1507 | D:1      | Reached skill level 1 in Evocations
  1507 | D:1      | Reached XP level 4. HP: 36/38 MP: 11/11
  1537 | D:2      | Reached skill level 1 in Conjurations
  1537 | D:2      | Reached skill level 1 in Hexes
  1537 | D:2      | Reached skill level 1 in Charms
  1537 | D:2      | Reached skill level 1 in Summonings
  1537 | D:2      | Reached skill level 1 in Necromancy
  1537 | D:2      | Reached skill level 1 in Transmutations
  1537 | D:2      | Reached skill level 1 in Fire Magic
  1537 | D:2      | Reached skill level 1 in Ice Magic
  1537 | D:2      | Reached skill level 1 in Air Magic
  1537 | D:2      | Reached skill level 1 in Earth Magic
  1537 | D:2      | Reached skill level 1 in Poison Magic
  1717 | D:2      | Learned a level 3 spell: Teleport Other
  1854 | D:2      | Reached XP level 5. HP: 43/43 MP: 12/12
  1939 | D:2      | Found a glowing silver altar of Zin.
  2210 | D:3      | Found a hazy altar of Hepliaklqana.
  2288 | D:3      | Found a transporter.
  2311 | D:3      | Found a one-way gate to the infinite horrors of the Abyss.
  2445 | D:3      | Found an ancient bone altar of Kikubaaqudgha.
  2448 | D:3      | Noticed Thomus's ghost (amateur DECj)
  2789 | D:3      | Found a transporter.
  2890 | D:3      | Found a sparkling altar of Nemelex Xobeh.
  3384 | D:4      | Learned a level 3 spell: Gell's Gravitas
  3393 | D:4      | Reached XP level 6. HP: 41/50 MP: 10/13
  3795 | D:4      | Found a shimmering blue altar of Sif Muna.
  3937 | D:4      | Noticed Eustachio
  3974 | D:4      | Killed Eustachio
  3974 | D:4      | Reached skill level 5 in Fighting
  3974 | D:4      | Reached skill level 5 in Polearms
  3974 | D:4      | Reached skill level 5 in Dodging
  3974 | D:4      | Reached XP level 7. HP: 35/56 MP: 8/15
  4090 | D:4      | Found Ritix's Assorted Antiques.
  4103 | D:4      | Bought a scroll labeled TUWISO PULADD for 24 gold pieces
  4103 | D:4      | Bought a scroll labeled GIAGHU MIUP for 24 gold pieces
  4103 | D:4      | Bought a scroll labeled BOUZXA FOTEGI for 24 gold pieces
  4103 | D:4      | Bought a fizzy pink potion for 21 gold pieces
  4103 | D:4      | Bought a scroll labeled AROXZA QEPS for 24 gold pieces
  4103 | D:4      | Bought a scroll labeled AROXZA QEPS for 24 gold pieces
  4135 | D:4      | Found a blossoming altar of Fedhas.
  4655 | D:5      | Entered Level 5 of the Dungeon
  5657 | D:6      | Found a glowing drain.
  5862 | Sewer    | Entered a sewer
  6250 | Sewer    | Learned a level 3 spell: Frozen Ramparts
  6287 | Sewer    | Got an encrusted scale mail
  6301 | Sewer    | Reached XP level 8. HP: 57/63 MP: 14/16
  8059 | D:7      | Reached XP level 9. HP: 68/69 MP: 18/18
  8067 | D:7      | Identified the +1 scale mail of Classification {rF+ SInv}
                  | (You found it in a sewer)
  8323 | D:7      | Found Ruqoskis's General Store.
  8496 | D:7      | Noticed Harold
  8560 | D:7      | Found a runed translucent door.
  8562 | D:7      | Noticed Crazy Yiuf
  8571 | D:7      | Killed Crazy Yiuf
  8604 | D:7      | Found an ornate altar of the Wu Jian Council.
  8812 | D:7      | Reached skill level 5 in Throwing
  8812 | D:7      | Reached skill level 5 in Armour
  9146 | D:7      | Found a staircase to the Ecumenical Temple.
  9147 | D:7      | Reached skill level 5 in Short Blades
  9147 | D:7      | Reached skill level 5 in Long Blades
  9147 | D:7      | Reached skill level 5 in Axes
  9147 | D:7      | Reached skill level 5 in Maces & Flails
  9147 | D:7      | Reached skill level 5 in Staves
  9147 | D:7      | Reached skill level 5 in Slings
  9147 | D:7      | Reached skill level 5 in Bows
  9147 | D:7      | Reached skill level 5 in Crossbows
  9147 | D:7      | Reached skill level 5 in Stealth
  9147 | D:7      | Reached skill level 5 in Shields
  9147 | D:7      | Reached skill level 5 in Unarmed Combat
  9147 | D:7      | Reached skill level 5 in Evocations
  9147 | D:7      | Reached XP level 10. HP: 79/79 MP: 18/21
  9153 | Temple   | Entered the Ecumenical Temple
  9375 | Temple   | Became a worshipper of Uskayaw the Reveler
  9465 | D:8      | Noticed Grum
  9481 | D:8      | Reached * piety under Uskayaw
  9483 | D:8      | Reached ** piety under Uskayaw
  9597 | D:8      | Killed Grum
  9805 | D:8      | Noticed Joseph
  9844 | D:8      | Reached *** piety under Uskayaw
  9845 | D:8      | Killed Joseph
  9911 | D:8      | Found a runed translucent gate.
  9911 | D:8      | Found a runed translucent gate.
  9911 | D:8      | Found a runed translucent gate.
  9915 | D:8      | Noticed sirjames's ghost (novice MiBe)
  9915 | D:8      | Noticed Thomus's ghost (novice DECj)
  9915 | D:8      | Noticed sirjames's ghost (novice CeHu)
 10183 | D:8      | Reached skill level 5 in Conjurations
 10183 | D:8      | Reached skill level 5 in Hexes
 10183 | D:8      | Reached skill level 5 in Charms
 10183 | D:8      | Reached skill level 5 in Summonings
 10183 | D:8      | Reached skill level 5 in Necromancy
 10183 | D:8      | Reached skill level 5 in Transmutations
 10183 | D:8      | Reached skill level 5 in Fire Magic
 10183 | D:8      | Reached skill level 5 in Ice Magic
 10183 | D:8      | Reached skill level 5 in Air Magic
 10183 | D:8      | Reached skill level 5 in Earth Magic
 10183 | D:8      | Reached skill level 5 in Poison Magic
 10316 | D:8      | Found a blossoming altar of Fedhas.
 10468 | D:9      | Killed from afar by a vampire

Illustrated notes

Levels and vault maps discovered:
D:1:      wander_arrival_estate, layout_basic
D:2:      layout_rooms, nicolae_overflow_crystal_walls, minmay_gold_behind_fungi
D:3:      layout_loops_ring, old_standard_altar, lemuel_doored_altar,
          overflow_temple_1_default, first_ration,
          gammafunk_ghost_abyssal_escape, nrook_mini_vaults
D:4:      layout_basic, overflow_temple_1_default, serial_shops,
          nicolae_shop_stone, minmay_misc_feat_roman, glass_columns_c,
          fedhas_altar_1, uniq_eustachio
D:5:      layout_loops_corners
D:6:      layout_basic, gup_sewer_entry_glass, chequers_mini_garden,
          nicolae_benzene_ring, grunt_ministairs_15
D:7:      minmay_angry_zag, layout_gridville, lemuel_crystal_altar,
          minmay_temple_entry_fiery, serial_shops, shop, uniq_harold,
          uniq_crazy_yiuf_cottage
D:8:      layout_basic, marbit_many_paths, gammafunk_ghost_cemetery,
          uniq_joseph, uniq_grum
D:9:      layout_loops_ring, trog_ov_bears_minmay, old_standard_altar,
          lemuel_coloured_pillars_altar,
          chequers_temple_overflow_statue_of_worship, lair_entry_dummy,
          uniq_erica
Temple:   dpeg_chambers_temple

Skill      XL: |  1  2  3  4  5  6  7  8  9 10 |
---------------+-------------------------------+-----
Spellcasting   | 5 6 7 |  7.9
Invocations    | 1 2 3 4 6 |  6.6
Short Blades   | 1 2 3 5 6 |  6.0
Long Blades    | 1 2 3 5 6 |  6.0
Axes           | 1 2 3 5 6 |  6.0
Maces & Flails | 1 2 3 5 6 |  6.0
Staves         | 1 2 3 5 6 |  6.0
Slings         | 1 2 3 5 6 |  6.0
Bows           | 1 2 3 5 6 |  6.0
Crossbows      | 1 2 3 5 6 |  6.0
Stealth        | 1 2 3 5 6 |  6.0
Shields        | 1 2 3 5 6 |  6.0
Unarmed Combat | 1 2 3 5 6 |  6.0
Evocations     | 1 2 3 5 6 |  6.0
Conjurations   | 1 2 3 4 5 |  5.0
Hexes          | 1 2 3 4 5 |  5.0
Charms         | 1 2 3 4 5 |  5.0
Summonings     | 1 2 3 4 5 |  5.0
Necromancy     | 1 2 3 4 5 |  5.0
Transmutations | 1 2 3 4 5 |  5.0
Fire Magic     | 1 2 3 4 5 |  5.0
Ice Magic      | 1 2 3 4 5 |  5.0
Air Magic      | 1 2 3 4 5 |  5.0
Earth Magic    | 1 2 3 4 5 |  5.0
Poison Magic   | 1 2 3 4 5 |  5.0
Throwing       | 3 4 6 |  6.6
Armour         | 3 4 6 |  6.6
Fighting       | 5 6 7 |  7.6
Polearms       | 5 6 7 |  7.6
Dodging        | 5 6 7 |  7.6
Translocations | 6 7 |  7.5

Action                   |  1- 3 |  4- 6 |  7- 9 | 10-12 || total
-------------------------+-------+-------+-------+-------++-------
Melee: Spear             |   151 |   333 |   276 |       ||   760
       Bite              |    20 |    37 |    57 |     7 ||   121
       Trident           |       |       |   234 |    87 ||   321
Throw: Dart              |       |     4 |     1 |     5 ||    10
 Cast: Blink             |     2 |       |     2 |       ||     4
       Shroud of Golubri |     2 |     4 |    28 |     6 ||    40
       Gell's Gravitas   |       |     3 |     4 |       ||     7
       Frozen Ramparts   |       |       |    22 |     8 ||    30
       Teleport Other    |       |       |     4 |       ||     4
Evoke: Wand              |       |       |       |     2 ||     2
  Use: Scroll            |       |       |     9 |       ||     9
       Potion            |       |       |     1 |       ||     1
 Stab: Sleeping          |       |     1 |     2 |     1 ||     4
       Paralysed         |       |       |       |     3 ||     3
  Eat: Chunk             |     1 |     9 |    13 |     4 ||    27
       Ration            |       |       |     2 |       ||     2
Armor: Leather armour    |     1 |       |       |       ||     1
       Ring mail         |    28 |    65 |    72 |       ||   165
       Scale mail        |       |       |    55 |    19 ||    74
Dodge: Dodged            |    82 |   136 |   272 |    48 ||   538
Block: Buckler           |       |    31 |   103 |    22 ||   156
